 Dungeon Sprint DCSS version 0.28.0-53-g5a82cb258f (webtiles) character file.

Game seed: 13457737031561476634

17178 Zeld the Executioner (level 12, 0/136 HPs)
             Began as a Minotaur Berserker on June 7, 2022.
             Was a High Priest of Trog.
             Killed from afar by Lom Lobon (53 damage)
             ... with a great icy blast
             ... in the Dungeon (Sprint I: "Red Sonja").
             The game lasted 00:09:00 (7110 turns).

Zeld the Executioner (Minotaur Berserker)           Turns: 7110, Time: 00:09:00

Health: 0/136      AC: 17    Str: 27    XL:     12   Next: 16%
Magic:  11/11      EV: 16    Int:  4    God:    Trog [*****.]
Gold:   740        SH:  0    Dex: 10    Spells: 11/11 levels left

rFire   . . .      SeeInvis .   a - +2 executioner's axe (flame)
rCold   . . .      Faith    .   (shield currently unavailable)
rNeg    . . .      Spirit   .   u - +4 ring mail {rPois}
rPois   +          Reflect  .   g - +1 hat
rElec   .          Harm     .   (no cloak)
rCorr   .          Rampage  .   q - +0 pair of gloves
Will    .....      NoTele   +   s - +1 pair of boots of Sloth {+Inv rPois}
Stlth   ..........              (no amulet)
HPRegen 0.32/turn               (no ring)
MPRegen 0.12/turn               (no ring)

@: on berserk cooldown, flying (expiring), slowed, very slow
A: horns 2, retaliatory headbutt
a: Renounce Religion, Evoke Invisibility, Berserk, Trog's Hand, Brothers in Arms


You were in the Dungeon.
You worshipped Trog.
Trog was extremely pleased with you.
You visited 1 branch You collected 3021 gold pieces.
You spent 2281 gold pieces at shops.

Inventory:

Hand Weapons
 a - a +2 executioner's axe of flaming (weapon)
Armour
 g - a +1 hat (worn)
 q - a +0 pair of gloves (worn)
 s - the +1 pair of boots of Sloth (worn) {+Inv rPois}
   (You bought it in a shop in the Dungeon)

   rPois:     It protects you from poison.
   +Inv:      It lets you turn invisible.
 u - a +4 ring mail of poison resistance (worn)
Wands
 h - a wand of charming (9)
 i - a wand of acid (6)
 n - a wand of flame (10)
 o - a wand of iceblast (8)
Scrolls
 b - a scroll of silence
 d - 2 scrolls of magic mapping
 k - a scroll of fear
 l - 3 scrolls of identify
 t - a scroll of enchant armour
 x - a scroll of summoning
Potions
 c - 4 potions of curing
 e - a potion of haste
 f - 2 potions of magic
 j - a potion of flight {unknown}
 p - 2 potions of brilliance {unknown}
 r - a potion of berserk rage
 v - a potion of might
Miscellaneous
 y - a condenser vane (inert)


   Skills:
 * Level 21.5 Fighting
 * Level 21.5 Axes
 + Level 15.5 Armour
 + Level 14.3 Dodging


You had 11 spell levels left.
You didn't know any spells.
Your spell library was empty.

Dungeon Overview and Level Annotations

Branches:
Dungeon (1/1)

Altars:
Cheibriados
Dithmenos
Elyvilon
Fedhas
Gozag
Hepliaklqana
Kikubaaqudgha
Makhleb
Nemelex Xobeh
Okawaru
Qazlal
Ru
Sif Muna
Trog
Uskayaw
Vehumet
Wu Jian
Xom
Yredelemnul
Zin
The Shining One
Jiyva
Lugonu

Shops:
D (?(:(([(([**=(*[[

Annotations:
D Lernaean hydra, Lom Lobon


Innate Abilities, Weirdness & Mutations

You have a pair of horns on your head.
You reflexively headbutt those who attack you in melee.


Message History

The ball lightning explodes!
The blast of lightning engulfs your troll!!!
The blast of lightning engulfs you!!
The blast of lightning engulfs Lom Lobon.
Lom Lobon completely resists.
The blast of lightning engulfs the ball lightning.
The ball lightning completely resists.
Your troll closely misses Lom Lobon.
Your troll claws Lom Lobon!
Your troll barely misses Lom Lobon.
The ball lightning explodes!
The blast of lightning engulfs Lom Lobon.
Lom Lobon completely resists.
The blast of lightning engulfs you!!
The blast of lightning engulfs your troll!!!
Your troll dies!
Your troll's corpse disappears in a puff of smoke!
A ball lightning comes into view.
You open Lom Lobon like a pillowcase!!! You burn Lom Lobon.
Your headbutt misses Lom Lobon.
Lom Lobon is lightly wounded.
The ball lightning explodes!
The blast of lightning engulfs Lom Lobon.
Lom Lobon completely resists.
The blast of lightning engulfs you!!!
Lom Lobon gestures.
Lom Lobon blinks!
You hear a deafening roar!
There is an open door here.
Unknown command.
You feel a strong urge to attack something.
You slam the door shut with a bang!
Lom Lobon gestures.
A freezing vortex appears around Lom Lobon!
You are too berserk!
You feel your anger nearly subside.
You are no longer berserk.
You are exhausted.
You feel yourself slow down. The freezing vortex lifts you up.
You fly up into the air.
Lom Lobon screams, "Crawl home, thou hateful common-kissing dandiprat!"
Lom Lobon gestures at you.
Lom Lobon conjures a mighty blast of ice!
The great icy blast engulfs you!!!
You die...

.#,###§§§#######)#§.§§.#****,,,,*
§#'#$###§#,((##..#§§.§§#,,,*,,,,*
##○.$#y#.##$$$#§§##.§.§#,∩,*,,,,*
.#..$###..###$#§§§###+##,,,*,,,,*
.○..$$$##.#A#$#§§§§§#,****+*,,,,*
○#.....#..###$#§&§§##+*,,,,**,,,*
○###''##.##..$#§§§##,,,,,,,,**,,*
###..###.)#+###§§§#,,,,,,,,,,*,,*
####..###...#§§§@##,,,,,,,,,,**,*
#..#..#.###C#.≈..#,,,,,,,,,,,,*,*
#.........#C###..#,,,,,,,,,,,,*,*
#°○.......#.#.+..#*,,,,,,,,,,**,*
'..○.°.####'#.##+##,,,,,,,,,,*,,*
##..○###...C#^#≈≈≈##,,,,,,,,**,,*
,#####C..####)#≈≈≈≈##,,,,,,**,,,*
,,,....#**,,..#≈D≈≈≈#***#***,,,,*
,,,###**,,,°####≈≈≈≈#≈≈≈≈≈*,,,,,*


You could see Lom Lobon (vortex).

Vanquished Creatures
  A fire giant (D)
  A lorocyproca (D)
  A deep elf annihilator (D)
  A mummy priest (D)
  A hydra (D)
  2 centaur warriors (D)
  Sonja (D)
  A deep troll (D)
  A lindwurm (D)
  2 oklob plants (D)
  2 merfolk sirens (D)
  A gargoyle (D)
  2 kobold demonologists (D)
  7 unseen horrors (D)
  A hellwing (D)
  3 demonic crawlers (D)
  A slime creature (D)
  5 hornets (D)
  Sigmund (D)
  A yak (D)
  13 hogs (D)
  2 redbacks (D)
  3 floating eyes (D)
  7 necrophages (D)
  An ogre (D)
  8 jellies (D)
  Ijyb (D)
  A ball lightning (D)
72 creatures vanquished.

Vanquished Creatures (collateral kills)
  A fire giant (D)
  A demonic crawler (D)
2 creatures vanquished.

Vanquished Creatures (others)
  A deep elf master archer (D)
  A gargoyle (D)
  2 ball lightnings (D)
  2 ballistomycete spores (D)
6 creatures vanquished.

Grand Total: 80 creatures vanquished

Notes
Turn   | Place    | Note
-------+----------+-------------------------------------------
     0 | D        | Zeld the Minotaur Berserker began the quest for the Orb.
     0 | D        | Reached XP level 1. HP: 19/19 MP: 0/0
     2 | D        | Noticed Ijyb
     8 | D        | Killed Ijyb
     9 | D        | Reached skill level 5 in Fighting
     9 | D        | Reached skill level 5 in Axes
     9 | D        | Reached XP level 2. HP: 29/29 MP: 1/1
    55 | D        | Noticed an ogre
    60 | D        | Killed an ogre
    61 | D        | Reached XP level 3. HP: 39/39 MP: 2/2
    61 | D        | Reached XP level 4. HP: 47/47 MP: 3/3
   253 | D        | Noticed Sigmund
   259 | D        | Killed Sigmund
   259 | D        | Reached ** piety under Trog
   260 | D        | Reached skill level 5 in Dodging
   260 | D        | Reached XP level 5. HP: 57/57 MP: 4/4
   260 | D        | Reached XP level 6. HP: 64/64 MP: 5/5
   334 | D        | Found a burning altar of Makhleb.
   334 | D        | Found a viscous altar of Jiyva.
   334 | D        | Found a shimmering altar of Xom.
   334 | D        | Found a corrupted altar of Lugonu.
   334 | D        | Noticed a slime creature
   343 | D        | Killed a slime creature
   344 | D        | Reached skill level 10 in Fighting
   344 | D        | Reached skill level 10 in Axes
   424 | D        | Found an ornate altar of the Wu Jian Council.
   424 | D        | Found a shimmering blue altar of Sif Muna.
   426 | D        | Found a radiant altar of Vehumet.
   492 | D        | Found Leeliogh's Magic Scroll Emporium.
   492 | D        | Found an ancient bone altar of Kikubaaqudgha.
   492 | D        | Found a hazy altar of Hepliaklqana.
   492 | D        | Found a stormy altar of Qazlal.
   492 | D        | Found a hide-covered altar of Uskayaw.
   492 | D        | Found a blossoming altar of Fedhas.
   492 | D        | Found a bloodstained altar of Trog.
   492 | D        | Found an iron altar of Okawaru.
   492 | D        | Found a basalt altar of Yredelemnul.
   492 | D        | Found a glowing golden altar of the Shining One.
   492 | D        | Found a snail-covered altar of Cheibriados.
   492 | D        | Found a sacrificial altar of Ru.
   492 | D        | Found a glowing silver altar of Zin.
   492 | D        | Found a shadowy altar of Dithmenos.
   492 | D        | Found a white marble altar of Elyvilon.
   492 | D        | Noticed a yak
   499 | D        | Killed a yak
   500 | D        | Reached XP level 7. HP: 74/74 MP: 6/6
   500 | D        | Found an opulent altar of Gozag.
   502 | D        | Found a sparkling altar of Nemelex Xobeh.
   510 | D        | Bought a scroll of fear for 45 gold pieces
   510 | D        | Bought a scroll of identify for 26 gold pieces
   510 | D        | Bought a scroll of identify for 26 gold pieces
   510 | D        | Bought a scroll of identify for 26 gold pieces
   510 | D        | Bought a scroll of summoning for 123 gold pieces
   756 | D        | Noticed a kobold demonologist
   756 | D        | Noticed a kobold demonologist
   766 | D        | Killed a kobold demonologist
   766 | D        | Reached *** piety under Trog
   767 | D        | Reached XP level 8. HP: 85/85 MP: 7/7
   769 | D        | Killed a kobold demonologist
   811 | D        | Noticed Sonja
   818 | D        | Killed Sonja
   818 | D        | Reached **** piety under Trog
   819 | D        | Reached skill level 10 in Armour
  1352 | D        | Found Vynag's Weapon Boutique.
  1372 | D        | Noticed a deep troll
  1381 | D        | Killed a deep troll
  1382 | D        | Reached XP level 9. HP: 96/96 MP: 8/8
  1531 | D        | Found Weut's Armour Emporium.
  1536 | D        | Bought the +1 pair of boots of Sloth {+Inv rPois} for 277
                  | gold pieces
  1536 | D        | Bought a +1 hat for 110 gold pieces
  1536 | D        | Bought a +0 pair of gloves for 45 gold pieces
  1566 | D        | Noticed a centaur warrior
  1566 | D        | Noticed a centaur warrior
  1575 | D        | Killed a centaur warrior
  1576 | D        | Reached skill level 15 in Fighting
  1576 | D        | Reached skill level 15 in Axes
  1576 | D        | Reached skill level 10 in Dodging
  1576 | D        | Killed a centaur warrior
  1751 | D        | Reached ***** piety under Trog
  1764 | D        | Noticed an oklob plant
  1859 | D        | Killed an oklob plant
  1860 | D        | Reached XP level 10. HP: 48/108 MP: 9/9
  2153 | D        | Noticed a gargoyle
  2164 | D        | Killed a gargoyle
  2475 | D        | Killed a lorocyproca
  2698 | D        | Noticed a lindwurm
  2708 | D        | Killed a lindwurm
  2778 | D        | Reached ****** piety under Trog
  2787 | D        | Reached XP level 11. HP: 108/121 MP: 10/10
  2791 | D        | Received a gift from Trog
  2948 | D        | Noticed a daeva
  4056 | D        | Received a gift from Trog
  4394 | D        | Noticed a fire giant
  4413 | D        | Killed a fire giant
  4565 | D        | Noticed a fire giant
  4566 | D        | Noticed a fire giant
  4929 | D        | Received a gift from Trog
  4944 | D        | Received a gift from Trog
  5145 | D        | Found Zareilunk's Book Shoppe.
  5145 | D        | Found Ahueppon's Antique Weapon Shop.
  5145 | D        | Found Fatecoc's Weapon Boutique.
  5147 | D        | Found Baxifuj's Antique Weapon Emporium.
  5147 | D        | Found Voowevid's Antique Armour Shop.
  5147 | D        | Found Birugog's Weapon Shoppe.
  5147 | D        | Found Kyxkezan's Antique Weapon Boutique.
  5147 | D        | Found Funeiff's Armour Emporium.
  5147 | D        | Found Qusooq's General Store.
  5147 | D        | Found Boet's Assorted Antiques.
  5151 | D        | Found Lacel's Jewellery Boutique.
  5152 | D        | Found Keopra's General Store.
  5152 | D        | Found Baet's Antique Weapon Boutique.
  5153 | D        | Bought a translucent kite shield for 304 gold pieces
  5153 | D        | Identified the +7 kite shield "Lokoer" {*Slow rC+++ Regen+}
                  | (You bought it in a shop in the Dungeon)
  5153 | D        | Found Mots's Antique Armour Emporium.
  5156 | D        | Bought a +4 ring mail of poison resistance for 308 gold
                  | pieces
  5157 | D        | Bought a potion of might for 52 gold pieces
  5158 | D        | Bought a potion of curing for 57 gold pieces
  5158 | D        | Bought a scroll of blinking for 142 gold pieces
  5158 | D        | Bought a scroll of summoning for 180 gold pieces
  5163 | D        | Bought a condenser vane for 560 gold pieces
  5412 | D        | Noticed a shining eye
  5442 | D        | Noticed a 12-headed hydra
  5446 | D        | Killed a nine-headed hydra
  5967 | D        | Killed a fire giant
  6452 | D        | Noticed a deep elf annihilator
  6461 | D        | Reached skill level 15 in Armour
  6468 | D        | Noticed a mummy priest
  6479 | D        | Killed a deep elf annihilator
  6479 | D        | Identified the +5 broad axe "Elonitt" {vorpal, Dex+8} (Trog
                  | gifted it to you in the Dungeon)
  6479 | D        | Received a gift from Trog
  6480 | D        | Reached XP level 12. HP: 95/136 MP: 11/11
  6618 | D        | Killed a mummy priest
  6914 | D        | Noticed the 27-headed Lernaean hydra
  7092 | D        | Noticed Lom Lobon
  7092 | D        | Noticed a deep elf master archer
  7104 | D        | Killed a deep elf master archer
  7110 | D        | Killed from afar by Lom Lobon

Illustrated notes

Levels and vault maps discovered:
D:        dungeon_sprint_1 [red_sonja_temple_1, red_sonja_temple_small_1]

Skill      XL: |  1  2  3  4  5  6  7  8  9 10 11 |
---------------+----------------------------------+-----
Fighting       | 5 7 9 11 12 14 16 18 21 | 21.5
Axes           | 5 7 9 11 12 14 16 18 21 | 21.5
Armour         | 3 4 6 8 10 11 13 15 | 15.5
Dodging        | 3 4 5 7 8 9 10 12 14 | 14.3

Action                   |  1- 3 |  4- 6 |  7- 9 | 10-12 || total
-------------------------+-------+-------+-------+-------++-------
Melee: Hand axe          |     8 |    20 |    56 |   131 ||   215
       Headbutt          |     1 |     3 |    14 |    49 ||    67
       Punch             |       |       |     2 |     5 ||     7
       Battleaxe         |       |       |       |    34 ||    34
       Executioner's axe |       |       |       |    22 ||    22
Invok: Berserk           |     2 |     3 |     4 |     8 ||    17
       Brothers in Arms  |       |       |       |     8 ||     8
       Trog's Hand       |       |       |       |     1 ||     1
Evoke: Wand              |       |       |     5 |     4 ||     9
       Condenser vane    |       |       |       |     1 ||     1
  Use: Scroll            |       |       |       |     8 ||     8
       Potion            |       |       |       |     1 ||     1
Armor: Animal skin       |     1 |       |     1 |       ||     2
       Troll leather arm |       |       |     9 |    50 ||    59
       Ring mail         |       |       |       |    64 ||    64
Dodge: Dodged            |     4 |     7 |    30 |   107 ||   148
